 Dungeon Crawl Stone Soup version 0.29.1-1-gd02db6906a (webtiles) character file.

Game seed: 12709078714994254951

10356 Earthwalker the Spear-Bearer (level 11, -2/87 HPs)
             Began as a Formicid Fighter on Oct 9, 2022.
             Was a Follower of Okawaru.
             Engulfed by a swamp dragon's poison gas (5 damage)
             ... on level 8 of the Dungeon.
             The game lasted 01:00:42 (13843 turns).

Earthwalker the Spear-Bearer (Formicid Fighter)    Turns: 13843, Time: 01:00:42

Health: -2/87      AC: 13    Str: 23    XL:     11   Next: 91%
Magic:  10/11      EV: 18    Int:  8    God:    Okawaru [*.....]
Gold:   648        SH: 17    Dex: 21    Spells: 10/10 levels left

rFire   . . .      SeeInvis +   a - +2 trident (venom)
rCold   . . .      Faith    .   f - +2 kite shield of Mumblety Peg {rCorr}
rNeg    . . .      Spirit   .   i - +4 ring mail
rPois   .          Reflect  .   (helmet unavailable)
rElec   .          Harm     .   h - +0 cloak
rCorr   +          Rampage  .   (no gloves)
Will    +....                   (no boots)
Stlth   +++++.....              (no amulet)
HPRegen 0.24/turn               y - +6 ring of dexterity
MPRegen 0.12/turn               (no ring)

@: lethally poisoned (-2 -> -60), heroic
A: permanent stasis, dig shafts and tunnels, antennae 3, four strong arms
a: Dig, Shaft Self, Renounce Religion, Heroism


You were on level 8 of the Dungeon.
You worshipped Okawaru.
Okawaru was aware of your devotion.
You visited 3 branches of the dungeon, and saw 13 of its levels.
You also visited: Ossuary.

You collected 648 gold pieces.

Inventory:

Hand Weapons
 a - a +2 trident of venom (weapon)
 l - a +0 spear
 q - a +2 quarterstaff of distortion
Missiles
 r - 35 poisoned darts
 v - 2 throwing nets
 z - 7 boomerangs
 D - 2 boomerangs of dispersal
Armour
 b - a +0 scale mail
 c - a +0 buckler
 f - the +2 kite shield of Mumblety Peg (worn) {rCorr}
   (You acquired it on level 1 of the Dungeon)

   rCorr:     It protects you from acid and corrosion.
 h - a +0 cloak (worn)
 i - a +4 ring mail (worn)
 s - +0 ice dragon scales
Jewellery
 e - an amulet of faith
 k - a ring of see invisible
 y - a +6 ring of dexterity (left hand)
 L - a +6 ring of dexterity
Wands
 n - a wand of flame (13)
 G - a wand of mindburst (9)
 H - a wand of polymorph (6)
Scrolls
 u - 6 scrolls of teleportation
 w - 3 scrolls of noise
 A - 11 scrolls of identify
 B - a scroll of enchant weapon
 E - a scroll of immolation
 F - a scroll of enchant armour
 K - a scroll of butterflies
Potions
 d - 2 potions of might
 g - a potion of invisibility
 j - 7 potions of mutation
 m - a potion of ambrosia
 o - 10 potions of curing
 p - 3 potions of brilliance
 t - a potion of berserk rage {unknown}
 x - a potion of resistance {unknown}
 C - a potion of attraction {unknown}
 I - a potion of degeneration {unknown}
 J - a potion of cancellation {unknown}


   Skills:
 * Level 8.4(13.4) Fighting
 + Level 11.0(16.0) Polearms
 + Level 7.6(12.6) Armour
 + Level 5.3(10.3) Dodging
 - Level 7.0(12.0) Stealth
 - Level 10.4(15.4) Shields


You had 10 spell levels left.
You didn't know any spells.
Your spell library contained the following spells:

 Spells                   Type           Power      Damage    Failure   Level
 Beastly Appendage        Tmut           0%         N/A       67%         1
 Magic Dart               Conj           0%         1d3       67%         1
 Wereblood                Tmut           0%         N/A       80%         2
 Confusing Touch          Hex            0%         N/A       95%         3
 Conjure Flame            Conj/Fire      0%         6-21      95%         3
 Gell's Gravitas          Tloc           0%         N/A       95%         3
 Ignite Poison            Fire/Tmut/Pois 0%         N/A       95%         3
 Lesser Beckoning         Tloc           0%         N/A       95%         3
 Mephitic Cloud           Conj/Pois/Air  0%         N/A       95%         3
 Spider Form              Tmut/Pois      0%         N/A       95%         3
 Teleport Other           Tloc           0%         N/A       95%         3
 Sticky Flame             Conj/Fire      0%         2d3       100%        4
 Yara's Violent Unravell  Hex/Tmut       0%         3d3       100%        5
 Enfeeble                 Hex            0%         N/A       100%        7
 Summon Small Mammal      Summ           Unusable   N/A       N/A         1
 Call Imp                 Summ           Unusable   N/A       N/A         2

Dungeon Overview and Level Annotations

Branches:
Dungeon (11/15)            Temple (1/1) D:5            Lair (1/5) D:8
Ossuary (visited)
    Orc: D:9-12

Altars:
Ashenzari
Cheibriados
Dithmenos
Elyvilon
Fedhas
Gozag
Hepliaklqana
Kikubaaqudgha
Makhleb
Nemelex Xobeh
Okawaru
Qazlal
Ru
Sif Muna
Trog
Uskayaw
Vehumet
Wu Jian
Xom
Yredelemnul
Zin
The Shining One

Shops:
D:3 (   D:6 *   D:7 *   D:9 *

Annotations:
D:6 2 transporters, Earthwalker's ghost, amateur MiAK
D:8 3 runed translucent doors, lennort's ghost, novice GrVM
D:10 1 runed translucent door, po7itron's ghost, journeyman DsGl


Innate Abilities, Weirdness & Mutations

You cannot be hasted, slowed, berserked, paralysed or teleported.
You can dig through walls and to a lower floor.
You have a pair of large antennae on your head. (SInv)
Your four strong arms can wield two-handed weapons with a shield.


Message History

You are engulfed in poison gas.
You are more poisoned.
You feel extremely sick.
You block the swamp dragon's attack. x2; The swamp dragon barely misses you.
You climb upwards.
Welcome back to the Dungeon!
Level annotation: 3 runed translucent doors, lennort's ghost, novice GrVM You feel extremely sick.
There is a staircase to the Lair here.
You hit the swamp dragon.
The swamp dragon is lightly wounded.
* * * LOW HITPOINT WARNING * * *
You feel very sick.
Okay, then.
You can't shaft yourself on this terrain.
Unknown command.
* * * LOW HITPOINT WARNING * * *
You feel very sick.
Okay, then.
You barely miss the swamp dragon.
The swamp dragon is lightly wounded.
* * * LOW HITPOINT WARNING * * *
You feel very sick.
The swamp dragon breathes poison at you.
The blast of poison engulfs you!
You are lethally poisoned!
* * * LOW HITPOINT WARNING * * *
Unknown command.
You completely miss the swamp dragon.
The swamp dragon is lightly wounded.
You are engulfed in poison gas.
You are more poisoned.
* * * LOW HITPOINT WARNING * * *
x2 You feel very sick.
You block the swamp dragon's attack. The swamp dragon barely misses you.
You block the swamp dragon's attack.
You hit the swamp dragon.
The swamp dragon is lightly wounded.
You are engulfed in poison gas.
You are more poisoned.
You die...

.##.####...............### #.#
.##.######...............######.#
.##....##.....)....#####..##....#
.#####.##.....##...# ##.##.###.
.....#........##...# #....###.
...#........####...# ##.......
........)..## #...# ###.......
...#......### ##○☼.# ##.........
............###○@D#####..#.......
#.#[.....##...#☼#☼......##.......
.........###..§.#○.#######.......
.....####.....##...# #.......
...#......###.....## #.......
...#...##.##...#.## #####.......
.................# ##...########
...####..#####...####.....##
.###..####{..##....#.......#


You could see a swamp dragon.

Vanquished Creatures
  Maggie (D:10)
  A komodo dragon (D:10)
  2 trolls (D:10)
  Sigmund (D:8)
  A shadow (D:9)
  28 yaks
  A wraith (D:10)
  3 wyverns
  A vampire mosquito (Lair:1)
  Menkaure (D:7)
  An acid dragon (D:10)
  3 water moccasins
  A swamp drake (D:8)
  2 black bears
  2 sky beasts (D:7)
  An ice beast (D:5)
  4 centaurs
  2 phantoms
  3 kobold brigands
  An elf zombie (Ossuary)
  4 bullfrogs
  3 scorpions
  6 wights
  14 killer bees
  A human zombie (Ossuary)
  3 centaur zombies (Ossuary)
  3 jellies
  4 gnoll boudas
  5 orc priests
  3 hounds
  Jessica (D:2)
  3 iguanas
  3 orc wizards
  3 mummies
  22 gnolls
  9 adders
  A shadow imp (D:7)
  An ufetubus (D:7)
  2 adder zombies (Ossuary)
  A worm (D:2)
  A dart slug (D:4)
  18 orcs
  3 bats
  4 endoplasms
  2 giant cockroaches (D:1)
  11 goblins
  7 hobgoblins
  4 jackals
  3 quokkas
  10 ball pythons
  6 frilled lizards
  2 goblin zombies (Ossuary)
  12 hobgoblin zombies (Ossuary)
  A jackal zombie (Ossuary)
  18 kobolds
  9 kobold zombies (Ossuary)
  5 orc zombies (Ossuary)
  7 rats
  A rat zombie (Ossuary)
276 creatures vanquished.

Vanquished Creatures (others)
  6 fungi
  7 plants
13 creatures vanquished.

Grand Total: 289 creatures vanquished

Notes
Turn   | Place    | Note
-------+----------+-------------------------------------------
     0 | D:1      | Earthwalker the Formicid Fighter began the quest for the
                  | Orb.
     0 | D:1      | Reached XP level 1. HP: 18/18 MP: 1/1
   553 | D:1      | Reached XP level 2. HP: 13/15 MP: 2/2
   813 | D:1      | Reached XP level 3. HP: 23/23 MP: 3/3
   943 | D:1      | Reached skill level 1 in Stealth
  1086 | D:1      | Identified a scroll of acquirement
  1086 | D:1      | Acquired the +2 kite shield of Mumblety Peg {rCorr}
  1298 | D:2      | Reached XP level 4. HP: 35/35 MP: 4/4
  1486 | D:2      | Reached skill level 3 in Polearms
  1754 | D:2      | Noticed Jessica
  1765 | D:2      | Killed Jessica
  1766 | D:2      | Reached XP level 5. HP: 29/42 MP: 5/5
  2321 | D:3      | Found Kiarr's Weapon Shoppe.
  2520 | D:3      | Found a faded altar of an unknown god.
  2559 | D:3      | You fall into a shaft and drop 2 floors!
  2559 | D:5      | Entered Level 5 of the Dungeon
  2582 | D:5      | Found a glowing golden altar of the Shining One.
  2614 | D:5      | Noticed an ice beast
  2624 | D:5      | Killed an ice beast
  2625 | D:5      | Reached skill level 1 in Dodging
  2625 | D:5      | Reached skill level 5 in Shields
  2625 | D:5      | Reached XP level 6. HP: 36/48 MP: 6/6
  2656 | D:5      | Reached skill level 4 in Polearms
  2709 | D:5      | Noticed a water moccasin
  2725 | D:4      | Killed a water moccasin
  2726 | D:4      | Reached XP level 7. HP: 19/54 MP: 7/7
  2813 | D:5      | Found a sand-covered staircase.
  2818 | Ossuary  | Entered an ossuary
  3391 | Ossuary  | Reached skill level 5 in Polearms
  3880 | D:4      | Reached XP level 8. HP: 61/61 MP: 8/8
  4326 | D:4      | Found a shadowy altar of Dithmenos.
  4326 | D:4      | Found an opulent altar of Gozag.
  4828 | D:5      | Found a basalt altar of Yredelemnul.
  4857 | D:5      | Found a stormy altar of Qazlal.
  4862 | D:5      | Noticed Sigmund
  4941 | D:5      | Reached skill level 5 in Armour
  5151 | D:5      | Found a staircase to the Ecumenical Temple.
  5157 | Temple   | Entered the Ecumenical Temple
  5364 | D:5      | Reached skill level 6 in Polearms
  6016 | D:6      | Reached XP level 9. HP: 62/67 MP: 9/9
  6053 | D:6      | Reached skill level 5 in Fighting
  6145 | D:6      | Found a transporter.
  6151 | D:6      | Noticed Earthwalker's ghost (amateur MiAK)
  6282 | D:6      | Reached skill level 7 in Polearms
  6332 | D:6      | Found a transporter.
  6417 | D:6      | Found Num Ful's General Store.
  7122 | D:6      | Reached skill level 5 in Stealth
  7406 | D:7      | Noticed Menkaure
  7415 | D:7      | Killed Menkaure
  7416 | D:7      | Reached XP level 10. HP: 11/76 MP: 10/10
  7579 | D:7      | Reached skill level 8 in Polearms
  7797 | D:7      | Found a burning altar of Makhleb.
  7896 | D:7      | Found Jugut's Fire Supplies.
  8552 | D:8      | Noticed lennort's ghost (novice GrVM)
  8558 | D:8      | Found a staircase to the Lair.
  8986 | D:7      | Reached skill level 9 in Polearms
  9226 | D:8      | Killed Sigmund
  9246 | D:8      | Found a shimmering blue altar of Sif Muna.
  9247 | D:8      | Found an ancient bone altar of Kikubaaqudgha.
  9248 | D:8      | Found a radiant altar of Vehumet.
  9253 | D:8      | Got Sif Muna's Omnibus of Formation
  9357 | D:8      | Found a runed translucent gate.
  9358 | D:8      | Found a runed translucent gate.
  9359 | D:8      | Found a runed translucent gate.
  9558 | Lair:1   | Entered Level 1 of the Lair of Beasts
  9627 | D:8      | Reached XP level 11. HP: 41/83 MP: 11/11
  9827 | D:8      | Reached skill level 10 in Shields
 10216 | D:9      | Found Fowyseomm's General Store.
 10288 | D:9      | Reached skill level 10 in Polearms
 10563 | D:9      | Reached skill level 5 in Dodging
 10697 | D:9      | Found an iron altar of Okawaru.
 10712 | D:9      | Became a worshipper of Warmaster Okawaru
 11356 | D:10     | Entered Level 10 of the Dungeon
 11520 | D:10     | Found a runed translucent door.
 11522 | D:10     | Noticed po7itron's ghost (journeyman DsGl)
 11631 | D:10     | Found a hazy altar of Hepliaklqana.
 11695 | D:10     | Reached * piety under Okawaru
 11813 | D:10     | Found a blossoming altar of Fedhas.
 12341 | D:11     | Noticed a six-headed hydra
 12362 | D:10     | Found a shimmering altar of Xom.
 12362 | D:10     | Noticed Maggie
 12382 | D:10     | Killed Maggie
 12448 | D:10     | Reached skill level 11 in Polearms
 13096 | D:3      | Found a snail-covered altar of Cheibriados.
 13525 | Lair:1   | Noticed a swamp dragon
 13842 | D:8      | HP: 3/87 [poisoned by a swamp dragon (poison gas)]
 13843 | D:8      | Engulfed by a swamp dragon's poison gas

Illustrated notes

Levels and vault maps discovered:
D:1:      minmay_arrival_up_and_down, layout_rooms, minmay_misc_feat_diagonals
D:2:      layout_basic, uniq_jessica
D:3:      layout_basic, slow_altar_2, serial_shops, shop_coins,
          ebering_ecumenical_altar_box
D:4:      black_bear_nest_2, layout_basic, gammafunk_temple_overflow_wave,
          portal_sewer_entry_d
D:5:      layout_cave_pools, mainiacjoe_overflow_24_doors,
          grunt_qazlal_sundering, lemuel_doored_altar, minmay_temple_entry_hall,
          enter_ossuary_2, uniq_sigmund
D:6:      layout_loops_ring, serial_shops, nicolae_lakefront_shop,
          gammafunk_ghost_stat_death, minmay_strange_pillars,
          corexii_hall_statues_x
D:7:      layout_loops_ring, mainiacjoe_overflow_chevrons, enter_bailey_3,
          nicolae_shop_fire_sale [nicolae_sub_dead_trees], nrook_campfire,
          amcnicky_mini_pool_small, uniq_menkaure
D:8:      layout_rooms, grunt_temple_overflow_magic_moments, lair_entry_dummy,
          gammafunk_ghost_icy
D:9:      layout_loops_cross, amcnicky_altar_gilded, serial_shops,
          nicolae_diamond_shop
D:10:     layout_roguey, mainiacjoe_overflow_alcove_1, marbit_many_paths,
          mainiacjoe_overflow_alcove_4, hellmonk_ghost_big_iron, uniq_maggie
D:11:     layout_cave_pools, minmay_fire_ice_demons, uniq_nergalle, uniq_fannar,
          uniq_psyche, uniq_sonja
Temple:   hellmonk_temple_flake
Lair:1:   layout_cave_pods, chequers_serial_rivers_small_a, pond,
          serial_bayou_shore_a, uniq_urug

Skill      XL: |  1  2  3  4  5  6  7  8  9 10 11 |
---------------+----------------------------------+-----
Stealth        | 1 2 3 4 5 6 7 |  7.0
Polearms       | 3 4 5 6 7 9 11 | 11.0
Fighting       | 4 5 6 8 |  8.4
Armour         | 4 5 6 7 |  7.6
Dodging        | 1 2 3 4 5 |  5.3
Shields        | 5 6 8 9 10 | 10.4

Action                   |  1- 3 |  4- 6 |  7- 9 | 10-12 || total
-------------------------+-------+-------+-------+-------++-------
Melee: Trident           |    91 |    77 |   425 |   471 ||  1064
Throw: Dart              |       |       |       |     1 ||     1
Invok: Heroism           |       |       |       |     1 ||     1
 Abil: Dig               |     1 |       |     2 |       ||     3
  Use: Scroll            |     1 |     6 |     8 |     3 ||    18
 Stab: Sleeping          |       |     2 |     6 |     6 ||    14
       Distracted        |       |       |       |     1 ||     1
Armor: Scale mail        |    16 |       |       |       ||    16
       Ring mail         |     7 |    19 |   152 |    68 ||   246
Dodge: Dodged            |    31 |    25 |   148 |   130 ||   334
Block: Buckler           |    19 |       |       |       ||    19
       Kite shield       |    13 |    47 |   267 |   269 ||   596
